 Dungeon Sprint DCSS version 0.27.1 (webtiles) character file.

Game seed: 15889733544090742761

9 styxcanada the Sneak (level 2, -7/15 HPs)
             Began as a Spriggan Brigand on Aug 26, 2021.
             Splashed by an oklob sapling's acid (12 damage)
             ... in the Dungeon (Sprint IV: "Fedhas' Mad Dash").
             The game lasted 00:00:55 (40 turns).

styxcanada the Sneak (Spriggan Brigand)               Turns: 40, Time: 00:00:55

Health: -7/15      AC:  3    Str:  7    XL:     2   Next: 6%
Magic:  3/3        EV: 17    Int: 14    God:
Gold:   0          SH:  0    Dex: 16    Spells: 1/1 levels left

rFire    . . .     SeeInvis +   a - +2 dagger
rCold    . . .     Faith    .   (shield restricted)
rNeg     + . .     Spirit   .   b - +0 robe
rPois    .         Reflect  .   (helmet restricted)
rElec    .         Harm     .   c - +0 cloak
rCorr    .         Rampage  .   (gloves unavailable)
Will     +....     NoTele   +   (boots unavailable)
Stlth    ++++......             (no amulet)
HPRegen  0.05/turn              l - ring of the Eagle {rN+ Will+ Int+2}
MPRegen  0.08/turn              (no ring)

@: very quick
A: very small, no large weapons, unfitting armour, see invisible, speed 3
a: no special abilities


You were in the Dungeon.
You visited 1 branch

Inventory:

Hand Weapons
 a - a +2 dagger (weapon)
Missiles
 d - 8 poisoned darts (quivered)
 e - 2 curare-tipped darts
Armour
 b - a +0 robe (worn)
 c - a +0 cloak (worn)
Jewellery
 l - the ring of the Eagle (left hand) {rN+ Will+ Int+2}
   (You acquired it in the Dungeon)

   [ring of willpower]

   Int:       It affects your intelligence (+2).
   rN:        It protects you from negative energy.
   Will:      It increases your willpower.
Scrolls
 k - a scroll of blinking
Potions
 f - a potion of curing
 g - a potion of heal wounds
 h - a potion of haste
 i - 2 potions of magic
 j - a potion of berserk rage


   Skills:
 * Level 1.9 Fighting
 + Level 2.3 Short Blades
 + Level 2.2 Throwing
 * Level 2.5 Dodging
 * Level 7.9 Stealth


You had one spell level left.
You didn't know any spells.
Your spell library was empty.

Dungeon Overview and Level Annotations

Branches:
Dungeon (1/1)

Altars:

Annotations:
D exclusion: oklob sapling


Innate Abilities, Weirdness & Mutations

You are very small and have problems with some larger weapons.
You are too small for most types of armour.
You have supernaturally acute eyesight. (SInv)
You cover ground extremely quickly. (Speed+++)


Message History

You hit the river rat but do no damage.
The river rat is almost dead.
You kill the river rat!
Your Dodging skill increases to level 2!
Your Stealth skill increases to level 7!
You have reached level 2!
d - 2 poisoned darts (gained 1)
d - 3 poisoned darts (gained 1)
You hit the fungus.
The fungus begins to die.
The fungus is lightly damaged.
You hit the fungus.
The fungus is lightly damaged.
You completely miss the fungus.
The fungus is lightly damaged.
You hit the fungus.
The fungus is lightly damaged.
A nearby fungus withers and dies.
d - 4 poisoned darts (gained 1)
There is an open door here.
d - 5 poisoned darts (gained 1)
You see here a rat corpse.
l - a scroll labelled FAOPTICV WIUREASK
d - 7 poisoned darts (gained 2)
d - 8 poisoned darts (gained 1) This is a scroll of acquirement!
Something appears at your feet!
l - the ring of the Eagle {rN+ Will+ Int+2} You feel clever.
l - the ring of the Eagle (left hand) {rN+ Will+ Int+2} You start resting.
HP restored.
You open the door.
An oklob sapling comes into view.
Marking area around an oklob sapling as unsafe for travelling.
Found 37 gold pieces.
The oklob sapling spits acid at you. The splash of acid hits you!
Ouch! That really hurt!
You are splashed with acid!
Ouch! That really hurt!
You die...

##################
#<...#.....#.$$$$#
#PP..'†....@.#
#PPPP#.....#P#
##############


You could see an oklob sapling.

Vanquished Creatures
  A river rat (D)
  A rat (D)
2 creatures vanquished.

Vanquished Creatures (others)
  A fungus (D)
1 creature vanquished.

Grand Total: 3 creatures vanquished

Notes
Turn   | Place    | Note
-------+----------+-------------------------------------------
     0 | D        | styxcanada the Spriggan Brigand began the quest for the
                  | Orb.
     0 | D        | Reached XP level 1. HP: 10/10 MP: 2/2
    11 | D        | Reached skill level 6 in Stealth
    15 | D        | Reached skill level 7 in Stealth
    15 | D        | Reached XP level 2. HP: 14/15 MP: 3/3
    35 | D        | Identified a scroll of acquirement
    35 | D        | Acquired the ring of the Eagle {rN+ Will+ Int+2}
    39 | D        | Noticed an oklob sapling
    40 | D        | Splashed by an oklob sapling's acid

Illustrated notes

Levels and vault maps discovered:
D:        dungeon_sprint_fedhas [sprint_temple]

Skill      XL: |  1 |
---------------+----+-----
Stealth        | 7 |  7.9
Dodging        | 2 |  2.5
Fighting       | |  1.9
Short Blades   | |  2.3
Throwing       | |  2.2

Action                   || total
-------------------------++-------
Melee: Dagger            ||     5
Throw: Dart              ||     7
  Use: Scroll            ||     1
Dodge: Dodged            ||     1
